 Dungeon Crawl Stone Soup version 0.27-a0-1202-ge72e49191c (webtiles) character file.

Game seed: 9205845722343761889

1174 lunkers the Geomancer (level 8, -1/52 HPs)
             Began as a Formicid Earth Elementalist on June 3, 2021.
             Slain by Duvessa
             ... wielding a +0 short sword
              (5 damage)
             ... on level 6 of the Dungeon.
             The game lasted 00:05:19 (6682 turns).

lunkers the Geomancer (Formicid Earth Elementalist) Turns: 6682, Time: 00:05:20

Health: -1/52      AC:  4    Str: 13    XL:     8   Next: 68%
Magic:  3/17       EV: 12    Int: 17    God:
Gold:   313        SH:  0    Dex: 11    Spells: 13/19 levels left

rFire    . . .     SeeInvis +   y - +2 hand axe (venom)
rCold    . . .     Faith    .   (no shield)
rNeg     . . .     Spirit   .   c - +0 robe
rPois    .         Reflect  .   (helmet unavailable)
rElec    .         Harm     .   w - +0 cloak
rCorr    .         Rampage  .   h - +0 pair of gloves
Will     .....                  (no boots)
Stlth    ++........             (no amulet)
HPRegen  0.17/turn              (no ring)
MPRegen  0.15/turn              (no ring)

@: no status effects
A: permanent stasis, dig shafts and tunnels, antennae 3, four strong arms
a: Dig, Shaft Self


You were on level 6 of the Dungeon.
You visited 1 branch of the dungeon, and saw 6 of its levels.

You collected 313 gold pieces.

Inventory:

Hand Weapons
 d - a +1 dagger of holy wrath
 y - a +2 hand axe of venom (weapon)
Missiles
 a - 6 curare-tipped darts {=f}
 b - 137 stones
 m - 2 throwing nets
Armour
 c - a +0 robe (worn)
 h - a +0 pair of gloves (worn)
 w - a +0 cloak (worn)
Jewellery
 v - an amulet of the acrobat
Wands
 n - a wand of digging (5)
 z - a wand of iceblast (9)
Scrolls
 e - 7 scrolls of teleportation {unknown}
 f - 5 scrolls of identify {unknown}
 g - a scroll of amnesia {unknown}
 i - a scroll of enchant weapon {unknown}
 l - a scroll of noise {unknown}
 o - a scroll of vulnerability {unknown}
 q - a scroll of magic mapping {unknown}
 r - a scroll of fear {unknown}
Potions
 j - 2 potions of lignification {unknown}
 k - 2 potions of heal wounds {unknown}
 p - a potion of curing {unknown}
 s - a potion of berserk rage {unknown}
 t - a potion of brilliance {unknown}
 u - a potion of mutation {unknown}
 x - a potion of attraction {unknown}


   Skills:
 - Level 1.7 Dodging
 - Level 2.4 Stealth
 + Level 6.0 Spellcasting
 - Level 1.1 Transmutations
 * Level 10.2 Earth Magic


You had 13 spell levels left.
You knew the following spells:

 Your Spells              Type           Power      Damage    Failure   Level
a - Stone Arrow           Conj/Erth      44%        3d9       4%          3
b - Passwall              Tmut/Erth      20%        N/A       1%          2
c - Sandblast             Erth           78%        2d17      1%          1

Your spell library contained the following spells:

 Spells                   Type           Power      Damage    Failure   Level
 Lee's Rapid Deconstruct  Erth           19%        3d12*     5%          5
 Beastly Appendage        Tmut           16%        N/A       9%          1
 Wereblood                Tmut           8%         N/A       12%         2
 Shock                    Conj/Air       20%        1d4       13%         1
 Petrify                  Tmut/Erth      24%        N/A       13%         4
 Static Discharge         Conj/Air       5%         N/A       19%         2
 Spider Form              Tmut/Pois      3%         N/A       30%         3
 Ice Form                 Ice/Tmut       6%         N/A       71%         4
 Airstrike                Air            2%         N/A       77%         4
 Hydra Form               Tmut           4%         N/A       92%         5
 Lightning Bolt           Conj/Air       2%         1d14      98%         5
 Swiftness                Air            Unusable   N/A       N/A         3

Dungeon Overview and Level Annotations

Branches:
Dungeon (6/15)
 Temple: D:4-7

Altars:
Ashenzari
Fedhas
Qazlal

Shops:
D:1 [

Annotations:
D:4 2 runed translucent doors, Cyko's ghost, amateur OpBr
D:6 Duvessa


Innate Abilities, Weirdness & Mutations

You cannot be hasted, slowed, berserked, paralysed or teleported.
You can dig through walls and to a lower floor.
You have a pair of large antennae on your head. (SInv)
Your four strong arms can wield two-handed weapons with a shield.


Message History

Confirm with . or Enter, or press ? or * to list all spells.
Aiming: Sandblast (safe; 1% risk of failure)
Press: ? - help, Shift-Dir - straight line, f/p - Duvessa
Aim: Duvessa, wielding a +0 short sword and wearing a +0 ring mail (lightly wounded, berserk, 87% to hit)
The blast of sand hits Duvessa!
Duvessa is moderately wounded.
Duvessa hits you with a +0 short sword! x2
* * * LOW HITPOINT WARNING * * *
Unknown command.
Casting: Sandblast (safe; 1% risk of failure)
Confirm with . or Enter, or press ? or * to list all spells.
Aiming: Sandblast (safe; 1% risk of failure)
Press: ? - help, Shift-Dir - straight line, f/p - Duvessa
Aim: Duvessa, wielding a +0 short sword and wearing a +0 ring mail (moderately wounded, berserk, 87% to hit)
The blast of sand hits Duvessa.
Duvessa is moderately wounded.
* * * LOW MAGIC WARNING * * *
Duvessa hits you with a +0 short sword!!
* * * LOW HITPOINT WARNING * * *
Unknown command.
Casting: Sandblast (safe; 1% risk of failure)
Confirm with . or Enter, or press ? or * to list all spells.
Aiming: Sandblast (safe; 1% risk of failure)
Press: ? - help, Shift-Dir - straight line, f/p - Duvessa
Aim: Duvessa, wielding a +0 short sword and wearing a +0 ring mail (moderately wounded, berserk, 87% to hit)
The blast of sand hits Duvessa!!
Duvessa is severely wounded.
* * * LOW MAGIC WARNING * * *
Duvessa closely misses you. x2
Unknown command.
Unknown command.
Casting: Sandblast (safe; 1% risk of failure)
Confirm with . or Enter, or press ? or * to list all spells.
Aiming: Sandblast (safe; 1% risk of failure)
Press: ? - help, Shift-Dir - straight line, f/p - Duvessa
Aim: Duvessa, wielding a +0 short sword and wearing a +0 ring mail (severely wounded, berserk, 87% to hit)
The blast of sand misses Duvessa.
* * * LOW MAGIC WARNING * * *
Duvessa hits you with a +0 short sword.
You die...

.. ... #.. #### ..#
##..##..##..###
...............
.......).......
...............
.......e.......
######@################
#.....................#
#.....................#
#......†..............#
####.....................#
##..############'######..<.
#.....'..........# #....
#.....#..........# #....
####..######...###'####
#....


You could see Duvessa (berserk).

Vanquished Creatures
  Eustachio (D:4)
  A steam dragon (D:4)
  A phantom (D:4)
  2 scorpions
  Dowan (D:6)
  A howler monkey (D:3)
  A vampire bat (D:3)
  A hound (D:4)
  A bullfrog zombie (D:5)
  4 orc priests
  2 centaur skeletons
  A scorpion zombie (D:5)
  2 iguanas
  An orc wizard (D:3)
  A hound zombie (D:5)
  A howler monkey zombie (D:5)
  6 adders
  An ufetubus (D:4)
  3 worms
  3 fire bats (D:3)
  13 orcs
  2 spectral bats (D:3)
  3 ball pythons
  3 bat skeletons (D:3)
  A bat zombie (D:3)
  4 endoplasms
  A giant cockroach (D:1)
  5 goblins
  3 hobgoblins
  6 jackals
  3 kobolds
  2 quokkas (D:1)
  12 bats
  A bat simulacrum (D:3)
  2 frilled lizards
  5 rats
101 creatures vanquished.

Notes
Turn   | Place    | Note
-------+----------+-------------------------------------------
     0 | D:1      | lunkers the Formicid Earth Elementalist began the quest for
                  | the Orb.
     0 | D:1      | Reached XP level 1. HP: 13/13 MP: 3/3
    86 | D:1      | Found Qaly's Armour Boutique.
   270 | D:1      | Reached skill level 4 in Earth Magic
   270 | D:1      | Reached XP level 2. HP: 19/19 MP: 3/5
   761 | D:1      | You fall into a shaft and drop 1 floor!
  1112 | D:1      | Reached XP level 3. HP: 24/24 MP: 1/6
  1239 | D:1      | Found a faded altar of an unknown god.
  2418 | D:3      | Found a broken altar of Ashenzari.
  2418 | D:3      | Found a blossoming altar of Fedhas.
  2616 | D:3      | Reached skill level 5 in Earth Magic
  2704 | D:3      | Reached XP level 4. HP: 30/30 MP: 4/8
  3287 | D:3      | Reached skill level 6 in Earth Magic
  3287 | D:3      | Reached XP level 5. HP: 33/35 MP: 4/10
  3618 | D:4      | Noticed a phantom
  3625 | D:4      | Killed a phantom
  3626 | D:4      | Reached skill level 7 in Earth Magic
  3626 | D:4      | Reached XP level 6. HP: 41/41 MP: 5/12
  3879 | D:4      | Learned a level 2 spell: Passwall
  3883 | D:4      | Learned a level 3 spell: Stone Arrow
  3970 | D:4      | Reached XP level 7. HP: 28/46 MP: 0/13
  4197 | D:4      | Found a runed translucent door.
  4202 | D:4      | Noticed Cyko's ghost (amateur OpBr)
  4308 | D:4      | Found a runed translucent door.
  4556 | D:4      | Noticed a steam dragon
  4560 | D:4      | Killed a steam dragon
  4561 | D:4      | Reached skill level 8 in Earth Magic
  4639 | D:4      | Found a stormy altar of Qazlal.
  5037 | D:3      | Reached skill level 5 in Spellcasting
  5336 | D:5      | Entered Level 5 of the Dungeon
  5336 | D:5      | Noticed Eustachio
  5359 | D:4      | Killed Eustachio
  5360 | D:4      | Reached skill level 9 in Earth Magic
  5360 | D:4      | Reached XP level 8. HP: 13/52 MP: 0/15
  6551 | D:6      | Reached skill level 10 in Earth Magic
  6673 | D:6      | Noticed Duvessa
  6673 | D:6      | Noticed Dowan
  6676 | D:6      | Killed Dowan
  6682 | D:6      | Slain by Duvessa

Illustrated notes

Levels and vault maps discovered:
D:1:      amcnicky_arrival_single_pillar, layout_loops_corners, serial_shops,
          nicolae_shop_temple_entry_statues_fountains,
          ebering_ecumenical_altar_webs, serial_forest,
          infiniplex_forest_clump_diagonal, infiniplex_forest_straight_3,
          infiniplex_forest_clump_tiny, infiniplex_forest_join,
          infiniplex_forest_lined_corner, infiniplex_forest_zigzag_1,
          infiniplex_forest_clump_diagonal
D:2:      layout_loops_ring, serial_bayou_pond_c, minmay_misc_feat_diagonals
D:3:      layout_basic, amethyst_overflow_temple_binary, serial_forest,
          infiniplex_forest_clump_long, infiniplex_forest_lined_2,
          infiniplex_forest_clump_tiny, infiniplex_forest_corner_2,
          infiniplex_forest_end_3, infiniplex_forest_lined_2,
          infiniplex_forest_straight_2, infiniplex_forest_corner_1,
          infiniplex_forest_clump_diagonal, infiniplex_forest_zigzag_1,
          goddamned_bats
D:4:      layout_loops_cross, lemuel_doored_altar, ebering_ghost_sewer_f
D:5:      layout_rooms, uniq_eustachio
D:6:      layout_gridville, uniq_blork_the_orc, uniq_duvessa

Skill      XL: |  1  2  3  4  5  6  7  8 |
---------------+-------------------------+-----
Earth Magic    | 4 5 6 7 9 10 | 10.2
Spellcasting   | 3 4 5 6 |  6.0
Dodging        | |  1.7
Stealth        | |  2.4
Transmutations | |  1.1

Action                   |  1- 3 |  4- 6 |  7- 9 || total
-------------------------+-------+-------+-------++-------
Melee: Unarmed           |     9 |       |       ||     9
       Dagger            |       |    19 |    20 ||    39
 Cast: Sandblast         |    53 |    50 |    10 ||   113
       Stone Arrow       |       |     4 |    57 ||    61
 Stab: Sleeping          |       |     1 |       ||     1
Armor: Robe              |     7 |    24 |    14 ||    45
Dodge: Dodged            |    23 |    49 |    39 ||   111

Table legend: (Time is in decaauts)
 A = Elapsed time spent in this place.
 B = Non-inter-level travel time spent in this place.
 C = Inter-level travel time spent in this place.
 D = Time resting spent in this place.
 E = Time spent auto-exploring this place.
 F = Levels seen in this place.
 G = Mean time per level.
                   A        B        C        D        E       F      G
               +--------+--------+--------+--------+--------+-----+--------+
         Total |   6693 |   6423 |    270 |    729 |   5099 |   6 | 1115.5 |
       Dungeon |   6693 |   6423 |    270 |    729 |   5099 |   6 | 1115.5 |
               +--------+--------+--------+--------+--------+-----+--------+

Top non-repeatable levels by time:
     D:3: 1683 daAuts
     D:4: 1600 daAuts
     D:1: 1493 daAuts
     D:5: 891 daAuts
     D:2: 814 daAuts
     D:6: 210 daAuts
